Map: Odyssey LE

Players

Juxtapose - Winner!

  • Race: Terran Terran
  • Spawn Location: 5:00

A.I. 1 (Very Hard)

  • Race: Protoss Protoss
  • Spawn Location: 11:00

VOD

https://youtu.be/VPlhCS2oTpI

Description

Right after defeating the Very Hard Versus AI for the first time ever, I went right back into it and drew Terran this time.

This was also a very fun match (and I also use the /dance command for the first time!).

Time

  • Played on: May 7, 2017, 4:19 p.m.
  • Length: 22:38
Show
View Real Time Build Order
Export as new Build Order

Juxtapose Terran - Winner!

Build Orders: MMM Bio 

Get SALT Encoding   

  12  0:01  SCV  
  13  0:13  SCV  
  14  0:19  Supply Depot  
  14  0:25  SCV  
  15  0:41  SCV  
  16  0:42  Barracks  
  16  0:53  SCV  
  17  0:57  Supply Depot  
  17  1:06  SCV  
  17  1:11  Refinery  
  18  1:18  SCV  
  19  1:30  SCV  
  19  1:31  Marine  
  21  1:42  SCV, Barracks  
  22  1:55  Barracks Reactor  
  22  1:57  SCV  
  23  2:06  Refinery  
  23  2:09  SCV  
  23  2:12  Supply Depot  
  24  2:21  SCV  
  25  2:33  Reaper  
  25  2:35  Reaper  
  28  2:45  Orbital Command  
  28  2:51  Supply Depot  
  27  2:55  Reaper  
  28  3:04  Factory  
  28  3:15  Engineering Bay  
  28  3:45  Barracks Tech Lab  
  28  3:51  Factory Tech Lab  
  28  3:52  Marine x2  
  28  3:55  Terran Infantry Weapons Level 1  
  30  4:00  Supply Depot  
  30  4:09  Starport  
  30  4:31  Marine x3  
  30  4:33  Siege Tank  
  36  4:49  Marine  
  37  5:05  Siege Tank  
  37  5:06  Marine x2  
  40  5:18  Command Center  
  40  5:24  Medivac  
  42  5:37  Siege Tank  
  45  5:49  Terran Infantry Armor Level 1  
  45  5:51  Stimpack  
  45  5:54  Marine x2  
  47  6:57  Starport Tech Lab  
  47  7:01  Orbital Command  
  47  7:03  Refinery  
  47  7:07  Refinery  
  47  7:12  SCV  
  47  7:14  Marine  
  47  7:15  Marine, Marauder  
  52  7:19  Medivac  
  52  7:21  Siege Tank  
  57  7:24  SCV  
  57  7:29  SCV  
  59  7:36  SCV  
  60  7:41  SCV  
  61  7:48  SCV  
  61  7:49  Medivac  
  61  7:50  Marine x2  
  66  7:52  Combat Shields  
  66  7:53  Siege Tank  
  69  8:00  Armory  
  69  8:05  Supply Depot  
  69  8:08  SCV  
  70  8:27  SCV  
  70  8:30  Supply Depot  
  70  8:34  Marine x2, Marauder  
  75  8:38  Raven  
  77  8:50  Terran Vehicle Weapons Level 1  
  77  8:52  Terran Infantry Weapons Level 2  
  77  9:01  Supply Depot  
  77  9:03  Siege Tank  
  80  9:11  Concussive Shells  
  80  9:26  SCV x2  
  81  10:02  Marauder  
  82  10:14  Raven  
  84  10:24  Ghost Academy, Marauder  
  86  10:29  Marine x2  
  86  10:31  Siege Tank  
  91  10:45  Marauder  
  93  10:53  Command Center  
  93  10:55  Marine  
  94  10:59  Nuke  
  94  11:07  Marine  
  94  11:10  Marauder  
  94  11:13  Marine  
  94  11:16  Medivac  
  92  11:25  Marine  
  93  11:30  Marine  
  94  11:41  Personal Cloaking  
  94  11:42  Supply Depot  
  94  12:04  Raven, Marine x3  
  94  12:05  Supply Depot  
  99  12:22  Marine x2  
  69  12:39  Marine  
  64  12:46  Marine x2  
  64  12:48  Siege Tank  
  64  12:49  Medivac  
  71  12:57  Marine  
  72  13:04  Marine x2  
  74  13:19  Medivac  
  76  13:20  Siege Tank  
  79  13:29  Marine x3  
  79  13:33  Terran Infantry Weapons Level 3  
  82  13:35  Planetary Fortress  
  82  13:47  Marine  
  83  13:49  Medivac  
  83  13:52  Siege Tank  
  85  14:06  Marine x2  
  85  14:07  Marine  
  74  14:19  Medivac  
  72  14:24  Siege Tank  
  72  14:30  Marine x2  
  72  14:31  Marine  
  77  14:48  Marine x3  
  77  14:49  Raven  
  82  14:54  SCV  
  82  14:56  Siege Tank  
  86  15:00  Refinery  
  86  15:01  Refinery, Terran Vehicle And Ship Armor Level 1  
  86  15:06  Marine x3  
  89  15:24  Marine x3  
  92  15:29  Siege Tank  
  92  15:32  Medivac  
  97  15:41  Marine  
  97  15:42  Marine x2  
  97  15:59  Marine x2  
  97  16:00  Marine  
  97  16:01  Siege Tank  
  97  16:02  Medivac  
  103  16:09  Terran Infantry Armor Level 2  
  103  16:17  Marine x3  
  106  16:32  Medivac  
  108  16:33  Siege Tank  
  108  16:35  Marine x2  
  108  16:36  Marauder  
  115  16:55  Terran Vehicle Weapons Level 2  
  115  16:57  Marauder  
  117  17:05  Siege Tank  
  114  17:19  Marauder  
  112  17:37  Siege Tank  
  115  18:20  Raven  
  115  18:23  Thor  
  115  18:25  Building Armor  
  115  18:26  Marauder  
  125  18:58  Supply Depot  
  125  19:10  Command Center  
  125  19:19  Ghost, Raven  
  125  19:20  Supply Depot  
  129  19:43  Supply Depot  
  129  19:47  Ghost  
  127  20:28  Refinery  
  127  20:52  Planetary Fortress  
Show
View Real Time Build Order
Export as new Build Order

A.I. 1 (Very Hard) Protoss 

Build Orders: Zealot Archon 

Get SALT Encoding   

  12  0:01  Probe (Chrono Boost)  
  13  0:11  Probe (Chrono Boost)  
  14  0:19  Pylon  
  14  0:22  Probe (Chrono Boost)  
  15  0:37  Probe (Chrono Boost)  
  15  0:40  Gateway  
  16  0:47  Assimilator  
  16  0:48  Probe (Chrono Boost)  
  17  0:58  Probe (Chrono Boost)  
  17  1:00  Pylon  
  18  1:09  Probe (Chrono Boost)  
  19  1:20  Probe (Chrono Boost)  
  20  1:26  Zealot  
  20  1:31  Cybernetics Core, Probe (Chrono Boost)  
  23  1:38  Gateway  
  23  1:42  Probe (Chrono Boost)  
  24  1:49  Pylon  
  24  1:54  Probe (Chrono Boost)  
  25  1:56  Zealot  
  25  2:01  Warp Gate  
  27  2:05  Probe (Chrono Boost)  
  28  2:14  Assimilator  
  28  2:17  Probe (Chrono Boost)  
  28  2:22  Adept  
  29  2:27  Adept  
  29  2:29  Probe (Chrono Boost)  
  34  2:38  Pylon  
  34  2:41  Probe (Chrono Boost)  
  35  2:48  Adept  
  37  2:53  Probe (Chrono Boost)  
  37  2:55  Sentry  
  40  3:04  Probe (Chrono Boost)  
  41  3:16  Probe (Chrono Boost)  
  42  3:20  Nexus  
  42  3:25  Stalker  
  44  3:29  Probe (Chrono Boost)  
  45  3:41  Probe (Chrono Boost)  
  46  3:43  Robotics Facility  
  46  3:51  Probe (Chrono Boost)  
  46  3:53  Pylon  
  47  4:11  Adept  
  47  4:13  Probe (Chrono Boost)  
  49  4:24  Probe (Chrono Boost)  
  49  4:33  Probe (Chrono Boost)  
  49  4:35  Adept, Probe (Chrono Boost)  
  53  4:43  Probe (Chrono Boost)  
  55  4:46  Probe (Chrono Boost)  
  55  4:52  Adept  
  56  4:55  Probe (Chrono Boost)  
  56  4:57  Probe (Chrono Boost)  
  58  5:06  Probe (Chrono Boost)  
  59  5:07  Robotics Bay  
  59  5:08  Probe (Chrono Boost)  
  59  5:09  Observer  
  61  5:17  Probe (Chrono Boost)  
  61  5:19  Probe (Chrono Boost)  
  61  5:20  Robotics Facility  
  63  5:26  Pylon  
  63  5:28  Probe (Chrono Boost)  
  64  5:29  Stalker  
  64  5:33  Stalker  
  68  5:40  Pylon, Probe (Chrono Boost)  
  68  5:42  Probe (Chrono Boost)  
  70  5:48  Twilight Council  
  70  5:50  Stalker  
  70  5:52  Probe (Chrono Boost)  
  73  6:00  Assimilator  
  73  6:03  Assimilator  
  74  6:04  Probe (Chrono Boost)  
  74  6:13  Pylon  
  74  6:15  Gateway  
  74  6:19  Zealot  
  74  6:23  Probe x2 (Chrono Boost)  
  78  6:31  Templar Archives  
  78  6:34  Probe (Chrono Boost)  
  78  6:35  Probe (Chrono Boost)  
  79  6:40  Pylon  
  79  6:45  Probe (Chrono Boost)  
  79  6:46  Probe (Chrono Boost)  
  81  6:53  Nexus  
  81  6:55  Probe (Chrono Boost)  
  81  6:57  Stalker  
  84  7:01  Stalker  
  84  7:05  Gateway  
  86  7:08  Pylon  
  86  7:10  High Templar  
  88  7:18  Stalker  
  88  7:22  High Templar, Forge  
  92  7:38  Forge  
  92  7:39  Stalker, High Templar  
  96  7:45  Pylon, Archon  
  96  7:49  Pylon  
  96  7:51  Sentry  
  96  7:57  Gateway  
  98  7:59  Zealot  
  98  8:00  High Templar  
  103  8:06  Probe x2 (Chrono Boost)  
  103  8:07  Probe (Chrono Boost)  
  103  8:08  High Templar  
  107  8:16  High Templar  
  107  8:17  Probe (Chrono Boost)  
  107  8:19  Probe x2 (Chrono Boost), Assimilator  
  112  8:20  Pylon  
  112  8:21  Archon  
  112  8:23  Photon Cannon  
  112  8:25  Assimilator  
  112  8:29  Probe (Chrono Boost)  
  112  8:30  Pylon, High Templar  
  112  8:31  Probe x2 (Chrono Boost)  
  112  8:32  Archon  
  117  8:40  Probe (Chrono Boost), Photon Cannon  
  118  8:42  Probe x2 (Chrono Boost)  
  118  8:44  Pylon  
  118  8:45  High Templar  
  122  8:51  Probe (Chrono Boost), Photon Cannon  
  122  8:54  Probe x2 (Chrono Boost), Photon Cannon  
  125  8:56  High Templar  
  125  9:02  Probe (Chrono Boost), Archon  
  128  9:05  Photon Cannon, High Templar  
  128  9:08  Photon Cannon  
  130  9:15  High Templar  
  130  9:16  Warp Prism  
  132  9:19  Archon  
  132  9:20  Warp Prism  
  136  9:24  High Templar  
  138  9:33  High Templar  
  140  9:41  Photon Cannon  
  140  9:43  High Templar  
  142  9:46  Photon Cannon  
  142  9:48  Archon  
  142  9:53  High Templar, Nexus, Gateway  
  142  9:54  Archon  
  142  9:56  Photon Cannon  
  142  9:57  Pylon  
  144  10:02  High Templar  
  146  10:11  High Templar  
  148  10:18  Zealot  
  148  10:20  High Templar  
  152  10:22  Zealot  
  152  10:23  Pylon  
  152  10:27  Photon Cannon, Archon  
  154  10:32  Zealot  
  156  10:36  Zealot  
  156  10:40  High Templar  
  156  10:41  High Templar  
  156  10:42  Observer  
  162  10:47  Pylon, Observer  
  164  10:53  Psionic Storm  
  164  10:57  Archon  
  164  10:59  Archon  
  164  11:00  Archon  
  164  11:03  Photon Cannon  
  164  11:04  Immortal  
  164  11:07  Zealot x3  
  164  11:09  Probe (Chrono Boost)  
  164  11:10  Stalker  
  135  11:11  Zealot  
  135  11:12  Zealot  
  135  11:13  Assimilator  
  135  11:18  Pylon  
  101  11:20  Assimilator  
  101  11:26  High Templar  
  101  11:27  Adept, Stalker  
  101  11:30  Zealot  
  101  11:31  Zealot x2  
  113  11:40  Photon Cannon  
  113  11:43  Pylon  
  113  11:45  Stalker  
  115  11:47  High Templar  
  115  11:49  Stalker x2  
  115  11:50  Sentry  
  115  11:54  Nexus  
  123  11:56  Stalker  
  123  11:59  Archon  
  125  12:06  High Templar, Photon Cannon  
  127  12:10  Adept  
  127  12:11  Stalker, Sentry  
  133  12:17  High Templar  
  133  12:18  Stalker  
  133  12:21  Probe (Chrono Boost)  
  129  12:26  Probe (Chrono Boost)  
  129  12:29  Zealot  
  115  12:32  Zealot  
  115  12:33  Stalker, Probe (Chrono Boost)  
  115  12:36  Sentry, Probe (Chrono Boost)  
  97  12:39  Zealot, Gateway  
  79  12:45  Probe (Chrono Boost)  
  79  12:47  Adept, Probe (Chrono Boost)  
  79  12:48  Adept  
  79  12:51  High Templar  
  85  12:53  Zealot  
  85  12:54  Probe (Chrono Boost)  
  85  12:57  Zealot  
  85  12:58  Adept  
  87  13:06  High Templar  
  87  13:07  Stalker  
  81  13:13  High Templar  
  81  13:16  Sentry, Assimilator  
  81  13:17  Zealot  
  87  13:20  Zealot  
  87  13:23  Archon  
  87  13:25  Pylon  
  87  13:26  Probe (Chrono Boost)  
  89  13:28  Stalker  
  89  13:33  Zealot  
  89  13:34  Nexus  
  93  13:35  Zealot  
  93  13:36  Adept  
  93  13:37  Stalker  
  93  13:38  High Templar  
  101  13:41  Assimilator  
  101  13:42  Zealot  
  101  13:43  Assimilator  
  101  13:47  Pylon  
  103  13:48  Photon Cannon  
  103  13:49  Sentry  
  103  13:51  Assimilator  
  103  13:52  Zealot  
  103  13:54  Adept, Dark Shrine, Zealot  
  111  13:58  Pylon, Zealot  
  111  14:01  High Templar  
  115  14:08  Zealot  
  115  14:09  Pylon  
  99  14:10  High Templar, Zealot  
  99  14:12  Stalker  
  99  14:13  Zealot  
  99  14:16  Stalker  
  93  14:21  Photon Cannon  
  93  14:23  Photon Cannon  
  79  14:26  Photon Cannon, Zealot  
  79  14:28  Adept  
  79  14:29  Probe (Chrono Boost)  
  79  14:30  Probe (Chrono Boost)  
  79  14:31  Adept  
  81  14:32  Stalker  
  81  14:33  Zealot  
  81  14:35  Stalker, High Templar  
  81  14:36  Probe (Chrono Boost)  
  81  14:37  High Templar  
  80  14:39  Probe (Chrono Boost)  
  80  14:40  Adept, Probe (Chrono Boost)  
  75  14:46  Zealot  
  75  14:49  Zealot  
  75  14:51  Zealot  
  73  14:56  High Templar  
  73  14:59  High Templar  
  57  15:04  Stalker  
  57  15:06  Adept  
  60  15:09  Dark Templar  
  60  15:10  Stalker  
  64  15:16  Stalker  
  56  15:24  Zealot  
  56  15:25  High Templar  
  56  15:27  Adept  
  55  15:34  Stalker  
  57  15:37  Archon  
  57  15:38  High Templar  
  57  15:41  Stalker  
  61  15:46  Nexus  
  61  15:48  High Templar  
  63  15:50  Stalker  
  63  15:55  Adept  
  53  16:02  High Templar  
  47  16:04  Zealot  
  47  16:09  Zealot  
  48  16:11  High Templar  
  48  16:13  Adept  
  41  16:26  High Templar  
  41  16:33  Archon  
  41  16:37  Dark Templar  
  43  16:41  Adept  
  43  16:46  Stalker  
  43  16:47  Zealot  
  47  16:59  Stalker, Sentry  
  47  17:01  Probe (Chrono Boost)  
  52  17:10  Dark Templar  
  42  17:21  Dark Templar  
  36  17:32  Dark Templar  
  38  17:42  Dark Templar  
  38  17:46  Zealot  
  38  17:49  Zealot  
  36  17:58  Dark Templar  
  36  18:00  Zealot  
  36  18:06  Dark Templar  
  36  18:07  Dark Templar  
  36  18:13  Nexus  
  36  18:19  Dark Templar  
  34  18:34  Dark Templar  
  31  18:48  Zealot  
  29  19:19  Nexus  
  18  20:12  Nexus  
  16  20:36  Probe (Chrono Boost)  
  15  20:58  Probe (Chrono Boost)  
  15  21:09  Probe (Chrono Boost)  
  10  21:30  Probe (Chrono Boost)  
  2  21:40  Probe (Chrono Boost)  
  3  21:51  Probe (Chrono Boost)  
  4  22:01  Probe (Chrono Boost)  
  4  22:12  Probe (Chrono Boost)  
Tags
 
Add a new tag
Caveats
  • Supply blocks, unpowered buildings, or Contaminate may cause inaccurate times.
  • Supply counts are checked every 10 seconds.